 Dungeon Crawl Stone Soup version 0.21.1-1-g345015f (webtiles) character file.

21433 snakesoul the Cleaver (level 12, -3/105 HPs)
             Began as a Demonspawn Fighter on June 24, 2018.
             Was an Elder of Yredelemnul.
             Splashed by an oklob plant's acid (15 damage)
             ... on level 5 of the Lair of Beasts.
             The game lasted 00:41:27 (19987 turns).

snakesoul the Cleaver (Demonspawn Fighter)         Turns: 19987, Time: 00:41:28

Health: -3/105     AC:  5    Str: 25    XL:     12   Next: 54%
Magic:  12/12      EV: 15    Int: 10    God:    Yredelemnul [****..]
Gold:   1055       SH:  0    Dex: 12    Spells: 11/11 levels left

rFire    . . .     SeeInvis .   V - +1 war axe (vamp)
rCold    . . .     Gourm    .   (no shield)
rNeg     . . .     Faith    +   K - +0 plate armour
rPois    .         Spirit   .   u - +0 helmet
rElec    .         Reflect  .   O - +0 cloak
rCorr    .         Harm     .   D - +0 pair of gloves
MR       .....                  (no boots)
Stlth    ..........             C - amulet of faith
HPRegen  0.27/turn              W - +3 ring of strength
MPRegen  0.13/turn              H - ring of Phasing {EV+8}

@: corroded
A: talons 2, rugged brown scales 1, demonic guardian 2, nightstalker 2
a: Recall Undead Slaves, Injury Mirror, Animate Dead, Drain Life, Renounce
Religion


You were on level 5 of the Lair of Beasts.
You worshipped Yredelemnul.
Yredelemnul was greatly pleased with you.
You were not hungry.

You visited 3 branches of the dungeon, and saw 17 of its levels.

You collected 1055 gold pieces.

Inventory:

Hand Weapons
 a - a +0 war axe
 k - a +3 hand axe
 V - a +1 vampiric war axe (weapon)
Armour
 n - a scarf of spirit shield
 u - a +0 helmet (worn)
 D - a +0 pair of gloves (worn)
 K - a +0 plate armour (worn)
 O - a +0 cloak (worn)
Jewellery
 w - an uncursed ring of magical power
 C - an amulet of faith (around neck)
 H - the ring of Phasing (right hand) {EV+8}
   (You took it off a crimson imp on level 8 of the Dungeon)

   [ring of evasion]

   It affects your evasion (+8).
 W - a +3 ring of strength (left hand)
 X - an uncursed amulet of rage
 Y - an uncursed ring of positive energy
 Z - an uncursed ring of protection from magic
Wands
 b - a wand of flame (25)
 v - a wand of digging (28)
Scrolls
 c - 19 scrolls of identify
 e - 4 scrolls of magic mapping {unknown}
 i - 9 scrolls of remove curse {unknown}
 q - 10 scrolls of teleportation {unknown}
 s - 4 scrolls of amnesia {unknown}
 t - 5 scrolls of fear
 y - 2 scrolls of fog {unknown}
 z - a scroll of enchant weapon {unknown}
 A - 8 scrolls of blinking {unknown}
 I - 2 scrolls of enchant armour {unknown}
 N - a scroll of vulnerability {unknown}
Potions
 d - a potion of lignification
 g - a potion of ambrosia
 h - 3 potions of curing {unknown}
 j - a potion of degeneration {unknown}
 l - a potion of resistance
 m - 2 potions of flight {unknown}
 o - 4 potions of haste
 p - 2 potions of berserk rage {unknown}
 r - a potion of mutation {unknown}
 B - 3 potions of heal wounds
 F - a potion of magic {unknown}
 Q - a potion of agility {unknown}
Books
 J - a book of Debilitation

   Spells                             Type                      Level
   a - Corona                         Hexes                        1
   b - Slow                           Hexes                        2
   c - Inner Flame                    Hexes/Fire                   3
   d - Portal Projectile              Hexes/Translocation          3
   e - Cause Fear                     Hexes                        4
   f - Leda's Liquefaction            Hexes/Earth                  4
 M - a book of Changes

   Spells                             Type                      Level
   a - Beastly Appendage              Transmutation                1
   b - Sticks to Snakes               Transmutation                2
   c - Spider Form                    Transmutation/Poison         3
   d - Ice Form                       Ice/Transmutation            4
   e - Blade Hands                    Transmutation                5
 R - a book of Cantrips

   Spells                             Type                      Level
   a - Confusing Touch                Hexes                        1
   b - Animate Skeleton               Necromancy                   1
   c - Summon Small Mammal            Summoning                    1
   d - Apportation                    Translocation                1
 T - a book of Enchantments

   Spells                             Type                      Level
   a - Cause Fear                     Hexes                        4
   b - Yara's Violent Unravelling     Hexes/Transmutation          5
   c - Silence                        Hexes/Air                    5
   d - Deflect Missiles               Charms/Air                   6
   e - Discord                        Hexes                        8
Comestibles
 f - 25 rations
 x - 6 chunks of flesh


   Skills:
 + Level 11.9 Fighting
 * Level 14.6 Axes
 + Level 6.3 Armour
   Level 2.6 Shields


You had 11 spell levels left.
You didn't know any spells.

Dungeon Overview and Level Annotations

Branches:
Dungeon (11/15)            Temple (1/1) D:4            Lair (5/6) D:10
 Shoals (0/4) Lair:2       Spider (0/4) Lair:3          Orc (0/2) D:10
  Slime: Lair:5-6

Altars:
Ashenzari
Cheibriados
Dithmenos
Elyvilon
Fedhas
Hepliaklqana
Kikubaaqudgha
Makhleb
Nemelex Xobeh
Okawaru
Qazlal
Ru
Sif Muna
Trog
Uskayaw
Vehumet
Wu Jian
Xom
Yredelemnul
Zin
The Shining One

Shops:
D:10 :

Annotations:
D:11 HedoNNN's ghost, journeyman HOFi
Lair:5 exclusion: 3 oklob plants


Innate Abilities, Weirdness & Mutations

You have razor-sharp toenails.
You are partially covered in rugged brown scales. (AC +1, +3% HP)
A demonic guardian rushes to your aid.
You are significantly more attuned to the shadows.


Message History

Your blink frog zombie hits the oklob plant but does no damage.
You slash the oklob plant!
You claw the oklob plant, but do no damage.
The oklob plant is lightly damaged.
You hit the oklob plant but do no damage.
Your blink frog zombie hits the oklob plant but does no damage.
The oklob plant spits acid at you. The splash of acid hits you!
The acid corrodes you!
You are splashed with acid!
The acid burns!
* * * LOW HITPOINT WARNING * * *
You hit the oklob plant but do no damage.
The oklob plant is lightly damaged.
You hit the oklob plant but do no damage.
Your blink frog zombie hits the oklob plant.
The oklob plant spits acid at you. The splash of acid hits you!
* * * LOW HITPOINT WARNING * * *
The acid corrodes you!
You are splashed with acid!
The acid burns!
You die...
Your body rises from the dead as a mindless zombie.

#.. #.. .## ##.
#######.###...# #..
#$.)P.P...#...####P.
#.P.ZZP....#..#.##..
#$.@Z(W.............
#$P$ZZZZ............
#$$$.$†ZZ#....P.##..
#######...##..P####.
#.Z..###ZZ.P###.
#....# #ZZ...#P.
#..... #ZZ......
#...####Z.......
#.....P..Z......


You could see 3 oklob plants, a friendly wraith, a friendly basilisk zombie, a
friendly wolf zombie, 3 friendly yak zombies, a friendly death yak zombie, a
friendly elephant zombie, a friendly hippogriff zombie and a friendly blink frog
zombie.

Vanquished Creatures
  Erolcha (D:9)
  A two-headed ogre (D:10)
  A death yak (Lair:5)
  An unseen horror (D:10)
  The ghost of kaytrill the Basher, a novice TrBe of Trog (D:5)
  Pikel (D:6)
  A black mamba (Lair:5)
  3 elephants (Lair:5)
  3 spiny frogs
  A rime drake (Lair:1)
  2 komodo dragons
  A queen bee (Lair:1)
  A hornet (D:7)
  3 blink frogs
  3 yaks (Lair:5)
  A basilisk (Lair:1)
  A wyvern (D:9)
  Duvessa (D:6)
  A warg (D:10)
  3 porcupines
  2 water moccasins
  2 sky beasts
  2 ice beasts
  A slave (D:6)
  2 orc warriors
  4 ogres
  2 phantoms
  4 wolves
  6 crocodiles
  A big kobold (D:10)
  10 bullfrogs
  Dowan (D:6)
  5 scorpions
  18 killer bees
  2 electric eels (D:8)
  A howler monkey (D:7)
  3 crimson imps
  A bullfrog zombie (D:7)
  2 centaur zombies
  2 bullfrog skeletons
  2 hounds
  4 orc priests
  3 jellies (D:10)
  A centaur skeleton (D:10)
  Ijyb (D:4)
  2 iguanas
  8 orc wizards
  9 worker ants
  A hound zombie (D:8)
  A hound skeleton (D:7)
  3 worker ant zombies
  Robin (D:4)
  6 adders
  A shadow imp (D:8)
  4 oozes
  2 adder skeletons
  8 worms
  6 dart slugs
  7 leopard geckos
  36 orcs
  5 bats
  9 giant cockroaches
  15 goblins
  12 hobgoblins
  6 jackals
  12 kobolds
  2 quokkas
  2 ball pythons (D:1)
  8 frilled lizards
  A jackal skeleton (D:4)
  A leopard gecko skeleton (D:4)
  A leopard gecko zombie (D:5)
  A quokka zombie (D:5)
  10 rats
  2 fungi
  2 plants (Lair:5)
297 creatures vanquished.

Vanquished Creatures (collateral kills)
  3 hydras
  3 two-headed ogres
  2 death yaks (Lair:5)
  2 oklob plants
  A black mamba (Lair:1)
  3 spiny frogs
  3 komodo dragons
  2 rime drakes
  6 blink frogs
  3 hippogriffs
  2 yaks (Lair:5)
  2 basilisks (Lair:5)
  Grum (D:10)
  A warg (D:10)
  3 water moccasins
  4 porcupines
  A phantom (D:5)
  An ogre (D:5)
  4 wolves
  A centaur (D:8)
  3 crocodiles
  A big kobold (D:8)
  3 bullfrogs
  A wyvern zombie (D:9)
  11 killer bees
  8 jellies (D:10)
  An orc priest (D:4)
  2 orc wizards (D:10)
  An iguana (D:5)
  9 oozes (D:10)
  A worm (D:5)
  A giant cockroach (Lair:3)
  2 kobolds
  8 fungi
  2 plants (Lair:5)
102 creatures vanquished.

Vanquished Creatures (others)
  5 flying skulls
  A black mamba zombie (Lair:5)
  A wraith (Lair:5)
  A two-headed ogre zombie (D:10)
  A spiny frog zombie (Lair:1)
  A blink frog zombie (Lair:1)
  A komodo dragon zombie (Lair:1)
  A warg zombie (D:10)
  2 wights (Lair:2)
  A wolf zombie (Lair:5)
  A bullfrog zombie (Lair:1)
  A mummy (Lair:1)
  A gnoll zombie (D:10)
  An orc skeleton (D:10)
  An orc (D:6)
  A jackal zombie (D:8)
  3 orc zombies
  6 fungi
  A plant (D:10)
  5 toadstools (D:1)
36 creatures vanquished.

Grand Total: 435 creatures vanquished

Notes
Turn   | Place    | Note
-------+----------+-------------------------------------------
     0 | D:1      | snakesoul the Demonspawn Fighter began the quest for the Orb.
     0 | D:1      | Reached XP level 1. HP: 18/18 MP: 1/1
    24 | D:1      | Reached skill level 2 in Axes
   323 | D:1      | Gained mutation: You are partially covered in rugged brown scales. (AC +1, +3% HP) [demonic ancestry]
   323 | D:1      | Reached XP level 2. HP: 15/24 MP: 2/2
   713 | D:1      | Reached XP level 3. HP: 29/29 MP: 3/3
  1013 | D:2      | Reached skill level 3 in Axes
  1313 | D:2      | Found a faded altar of an unknown god.
  1477 | D:2      | You fall through a shaft for 2 floors!
  1477 | D:4      | Noticed an ogre
  1515 | D:3      | Gained mutation: You have sharp toenails. [demonic ancestry]
  1515 | D:3      | Reached XP level 4. HP: 33/38 MP: 4/4
  1902 | D:3      | Reached skill level 4 in Axes
  1973 | D:3      | Gained mutation: You are slightly more attuned to the shadows. [demonic ancestry]
  1973 | D:3      | Reached XP level 5. HP: 43/43 MP: 5/5
  2338 | D:3      | Found a stormy altar of Qazlal.
  2650 | D:3      | Reached XP level 6. HP: 44/50 MP: 3/6
  2691 | D:4      | Reached skill level 5 in Axes
  3019 | D:4      | Reached skill level 5 in Fighting
  3213 | D:4      | Gained mutation: A weak demonic guardian rushes to your aid. [demonic ancestry]
  3213 | D:4      | Reached XP level 7. HP: 57/57 MP: 7/7
  3294 | D:4      | Noticed Robin
  3376 | D:4      | Killed Robin
  3478 | D:4      | Noticed Ijyb
  3489 | D:4      | Reached skill level 6 in Axes
  3490 | D:4      | Killed Ijyb
  4018 | D:4      | Found a staircase to the Ecumenical Temple.
  4025 | Temple   | Entered the Ecumenical Temple
  4296 | D:5      | Entered Level 5 of the Dungeon
  4662 | D:5      | Noticed kaytrill's ghost (novice TrBe)
  4692 | D:5      | Killed kaytrill's ghost
  4692 | D:5      | Reached skill level 7 in Axes
  4692 | D:5      | Reached XP level 8. HP: 31/66 MP: 1/8
  4700 | D:5      | Reached skill level 8 in Axes
  5796 | D:6      | Noticed Pikel
  5819 | D:6      | Killed Pikel
  5819 | D:6      | Reached skill level 9 in Axes
  5819 | D:6      | Reached XP level 9. HP: 47/74 MP: 3/9
  5955 | D:6      | Found a shadowy altar of Dithmenos.
  6037 | D:6      | Noticed Duvessa
  6037 | D:6      | Noticed Dowan
  6057 | D:6      | Killed Duvessa
  6062 | D:6      | Killed Dowan
  6296 | D:6      | Found an ancient bone altar of Kikubaaqudgha.
  6297 | D:6      | Found a blossoming altar of Fedhas.
  6485 | D:6      | Found a deep blue altar of Sif Muna.
  6486 | D:6      | Found a basalt altar of Yredelemnul.
  6492 | D:6      | Became a worshipper of Yredelemnul the Dark
  6690 | D:7      | Found an iron altar of Okawaru.
  6923 | D:7      | Paralysed by a hornet for 1 turns
  6926 | D:7      | Paralysed by a hornet for 3 turns
  7391 | D:7      | Reached skill level 10 in Axes
  8970 | D:8      | Reached * piety under Yredelemnul
  9199 | D:8      | Noticed a two-headed ogre
  9208 | D:8      | Killed a two-headed ogre
  9208 | D:8      | Reached skill level 11 in Axes
  9208 | D:8      | Gained mutation: You have razor-sharp toenails. [demonic ancestry]
  9208 | D:8      | Reached XP level 10. HP: 39/85 MP: 10/10
  9423 | D:8      | Noticed a two-headed ogre
  9682 | D:8      | Killed a two-headed ogre
 10220 | D:9      | Noticed Erolcha
 10230 | D:9      | Killed Erolcha
 10650 | D:9      | Reached skill level 12 in Axes
 10706 | D:9      | Found a snail-covered altar of Cheibriados.
 11014 | D:10     | Entered Level 10 of the Dungeon
 11023 | D:10     | Noticed a two-headed ogre
 11031 | D:10     | Killed a two-headed ogre
 11031 | D:10     | Reached skill level 10 in Fighting
 11400 | D:10     | Found Notur's Book Emporium.
 11408 | D:10     | Noticed an oklob plant
 11424 | D:10     | Reached ** piety under Yredelemnul
 11456 | D:10     | Killed an oklob plant
 11810 | D:10     | Found a stormy altar of Qazlal.
 12202 | D:10     | Killed an unseen horror
 12202 | D:10     | Gained mutation: A demonic guardian rushes to your aid. [demonic ancestry]
 12202 | D:10     | Reached XP level 11. HP: 38/94 MP: 11/11
 12461 | D:10     | Noticed Grum
 12497 | D:10     | Killed Grum
 12625 | D:10     | Noticed a two-headed ogre
 12629 | D:10     | Killed a two-headed ogre
 12629 | D:10     | Reached *** piety under Yredelemnul
 12652 | D:10     | Your ally Grum died
 12933 | D:10     | Found a staircase to the Lair.
 13038 | D:10     | Found a staircase to the Orcish Mines.
 13184 | D:11     | Noticed HedoNNN's ghost (journeyman HOFi)
 13190 | D:11     | Noticed a cyan ugly thing
 13229 | Lair:1   | Entered Level 1 of the Lair of Beasts
 13250 | Lair:1   | Noticed a five-headed hydra
 13676 | Lair:1   | Reached skill level 13 in Axes
 13902 | Lair:1   | Received a gift from Yredelemnul (a mummy)
 14529 | Lair:1   | Killed a five-headed hydra
 14892 | Lair:1   | Found an ancient bone altar of Kikubaaqudgha.
 14941 | Lair:1   | Received a gift from Yredelemnul (a wight)
 15197 | Lair:1   | You fall through a shaft!
 15514 | Lair:2   | Received a gift from Yredelemnul (5 flying skulls)
 15918 | Lair:1   | Reached **** piety under Yredelemnul
 16912 | Lair:2   | Noticed a five-headed hydra
 16925 | Lair:2   | Killed a five-headed hydra
 16925 | Lair:2   | Reached skill level 5 in Armour
 17300 | Lair:2   | Received a gift from Yredelemnul (a wight)
 17333 | Lair:2   | Noticed an eight-headed hydra
 17340 | Lair:2   | Killed an eight-headed hydra
 17340 | Lair:2   | Gained mutation: You are significantly more attuned to the shadows. [demonic ancestry]
 17340 | Lair:2   | Reached XP level 12. HP: 95/103 MP: 12/12
 17429 | Lair:2   | Found a staircase to the Shoals.
 18456 | Lair:3   | Found a hole to the Spider Nest.
 18463 | Lair:3   | Reached skill level 14 in Axes
 18514 | Lair:3   | Received a gift from Yredelemnul (a wraith)
 18864 | Lair:4   | Found a sacrificial altar of Ru.
 19721 | Lair:5   | Received a gift from Yredelemnul (a wraith)
 19795 | Lair:5   | Noticed a death yak
 19795 | Lair:5   | Noticed a death yak
 19801 | Lair:5   | Noticed a death yak
 19806 | Lair:5   | Killed a death yak
 19811 | Lair:5   | Killed a death yak
 19818 | Lair:5   | Killed a death yak
 19987 | Lair:5   | Splashed by an oklob plant's acid

Skill      XL: |  1  2  3  4  5  6  7  8  9 10 11 12 |
---------------+-------------------------------------+-----
Axes           | 2 3 4 5 7 9 11 12 13 14 | 14.6
Fighting       | 4 5 6 7 9 10 11 | 11.9
Armour         | 5 6 |  6.3
Shields        | |  2.6

Action                   |  1- 3 |  4- 6 |  7- 9 | 10-12 || total
-------------------------+-------+-------+-------+-------++-------
Melee: War axe           |    49 |       |       |   116 ||   165
       Hand axe          |    85 |   144 |   401 |   432 ||  1062
       Kick              |       |    34 |   125 |   181 ||   340
Invok: Animate Remains   |       |       |     2 |     8 ||    10
       Animate Dead      |       |       |       |    14 ||    14
       Recall Undead Sla |       |       |       |     7 ||     7
  Use: Potion            |       |     1 |     3 |     6 ||    10
       Scroll            |       |       |     3 |     7 ||    10
 Stab: Distracted        |       |       |     5 |     6 ||    11
  Eat: Chunk             |     2 |     5 |    20 |    14 ||    41
       Ration            |       |       |       |     9 ||     9
Armor: Scale mail        |    71 |    60 |   137 |       ||   268
       Plate armour      |       |       |    23 |   269 ||   292
       Skin              |       |       |       |    51 ||    51
Dodge: Dodged            |    83 |    62 |   152 |   152 ||   449
